 Dungeon Crawl Stone Soup version 0.27-a0-1278-g6cbc8dfb29 (webtiles) character file.

Game seed: 17149370191389482969

1178 ZappyNine the Caller (level 8, -2/48 HPs)
             Began as a Kobold Summoner on June 12, 2021.
             Was an Initiate of Kikubaaqudgha.
             Succumbed to Erica's bolt of poison
             ... on level 8 of the Dungeon.
             The game lasted 00:23:35 (16767 turns).

ZappyNine the Caller (Kobold Summoner)             Turns: 16767, Time: 00:23:35

Health: -2/48      AC:  5    Str:  5    XL:     8   Next: 69%
Magic:  6/13       EV: 15    Int: 19    God:    Kikubaaqudgha [......]
Gold:   426        SH:  5    Dex: 18    Spells: 5/14 levels left

rFire    . . .     SeeInvis .   f - +5 scimitar (freeze)
rCold    . . .     Faith    .   (shield restricted)
rNeg     . . .     Spirit   .   a - +0 robe
rPois    .         Reflect  +   (no helmet)
rElec    .         Harm     .   (no cloak)
rCorr    .         Rampage  .   w - +2 pair of gloves {Dex+3}
Will     .....                  (no boots)
Stlth    +++.......             j - amulet of reflection
HPRegen  0.16/turn              (no ring)
MPRegen  0.13/turn              (no ring)

@: lethally poisoned (-2 -> -17), slowed, very slow
A: small, no large weapons, nightstalker 3
a: Renounce Religion


You were on level 8 of the Dungeon.
You worshipped Kikubaaqudgha.
Kikubaaqudgha was noncommittal.
You visited 2 branches of the dungeon, and saw 9 of its levels.

You collected 426 gold pieces.

Inventory:

Hand Weapons
 f - a +5 scimitar of freezing (weapon)
Missiles
 i - 4 atropa-tipped darts
Armour
 a - a +0 robe (worn)
 n - a +3 leather armour of fire resistance
 r - a +0 buckler
 w - a +2 pair of gloves of dexterity (worn)
Jewellery
 g - a ring of ice
 h - a ring of resist corrosion
 j - an amulet of reflection (around neck)
Wands
 b - a wand of polymorph (7)
 k - a wand of acid (9)
 l - a wand of iceblast (23)
 m - a wand of mindburst (11)
 u - a wand of flame (22)
Scrolls
 d - 3 scrolls of holy word {unknown}
 e - 2 scrolls of teleportation
 q - a scroll of blinking {unknown}
 s - 3 scrolls of identify
 t - a scroll of silence
 v - a scroll of amnesia
Potions
 c - 2 potions of magic
 o - a potion of attraction
 x - a potion of flight {unknown}
 z - a potion of cancellation
 A - a potion of brilliance {unknown}


   Skills:
 + Level 4.0 Fighting
 - Level 2.4 Dodging
 - Level 2.6 Stealth
 * Level 3.7 Shields
 - Level 3.5 Spellcasting
 - Level 6.4 Summonings
 - Level 4.6 Ice Magic


You had 5 spell levels left.
You knew the following spells:

 Your Spells              Type           Power      Damage    Failure   Level
b - Call Imp              Summ           27%        N/A       1%          2
c - Call Canine Familiar  Summ           27%        N/A       3%          3
d - Summon Ice Beast      Ice/Summ       24%        N/A       16%         4

Your spell library contained the following spells:

 Spells                   Type           Power      Damage    Failure   Level
 Summon Small Mammal      Summ           100%       N/A       1%          1
 Freeze                   Ice            84%        1d10      2%          1
 Frozen Ramparts          Ice            42%        1d6       6%          3
 Ozocubu's Armour         Ice            21%        N/A       6%          3
 Summon Guardian Golem    Hex/Summ       15%        N/A       12%         3
 Animate Skeleton         Necr           6%         N/A       14%         1
 Pain                     Necr           12%        1d4       14%         1
 Sting                    Tmut/Pois      12%        1d3       14%         1
 Poisonous Vapours        Pois/Air       6%         N/A       22%         2
 Summon Lightning Spire   Summ/Air       15%        N/A       36%         4
 Ignite Poison            Fire/Tmut/Pois 3%         N/A       41%         3
 Mephitic Cloud           Conj/Pois/Air  3%         N/A       41%         3
 Vampiric Draining        Necr           1%         2d6       41%         3
 Hailstorm                Conj/Ice       12%        3d5       50%         4
 Animate Dead             Necr           1%         N/A       82%         4
 Olgreb's Toxic Radiance  Pois           3%         N/A       82%         4
 Metabolic Englaciation   Hex/Ice        6%         N/A       83%         5
 Agony                    Necr           3%         N/A       99%         5


Dungeon Overview and Level Annotations

Branches:
Dungeon (8/15)             Temple (1/1) D:6
   Lair: D:8-11

Altars:
Ashenzari
Cheibriados
Dithmenos
Elyvilon
Fedhas
Gozag
Hepliaklqana
Kikubaaqudgha
Makhleb
Nemelex Xobeh
Okawaru
Qazlal
Ru
Sif Muna
Trog
Uskayaw
Vehumet
Wu Jian
Xom
Yredelemnul
Zin
The Shining One

Annotations:
D:4 2 transporters, ClownBaby's ghost, amateur DrVM
D:8 Erica


Innate Abilities, Weirdness & Mutations

You are small and have problems with some larger weapons.
You are completely attuned to the shadows.


Message History

Erica barely misses your ice beast.
The gnoll hits your hound with a +0 whip.
Something hits your ice beast. Something melts your ice beast.
The gnoll closely misses your ice beast.
Your ice beast hits the gnoll.
Your ice beast freezes the gnoll.
Something closely misses your ice beast.
The gnoll sergeant closely misses you.
The gnoll closely misses your ice beast.
Your ice beast misses the gnoll.
Something hits your ice beast. Something barely misses your ice beast.
The gnoll sergeant misses your hound.
Your ice beast completely misses the gnoll.
Your hound bites the gnoll.
Your hound barely misses the gnoll.
Okay, then.
You feel better.
Your hound bites the gnoll.
The gnoll dies!
Kikubaaqudgha accepts your kill. Erica barely misses you.
Your ice beast hits the gnoll.
Your ice beast freezes the gnoll!
The gnoll hits your ice beast with a +0 whip!
Your ice beast dies!
Your hound closely misses the gnoll.
The gnoll sergeant closely misses you.
Erica screams, "Coming here was suicide!
For you!" Erica barely misses you.
You riposte.
You barely miss Erica. The gnoll completely misses your hound.
Unknown command.
The gnoll sergeant hits you from afar with a +0 spear.
* * * LOW HITPOINT WARNING * * *
Erica points at you and mumbles some strange words.
You are confused.
You are too confused!
You feel better. The gnoll sergeant closely misses you.
Erica gestures at you while chanting. The bolt of poison hits you!
You are poisoned.
* * * LOW HITPOINT WARNING * * *
You block the gnoll sergeant's attack.
Unknown command.
Unknown command.
You die...
Kikubaaqudgha rasps: "You have failed me!
Welcome... death!"

#...........####....##..
#..########..##...### #.
#.## ##......## ..##
##......## ...#
#....#..# ....#
##...##..##
##...###...####..# #.. #
##......## #..# #...
#####....## #.@##...#
##.##...## ##.....#
........## ##@g..## ###
.........## #.g....#
###.# .##..#.....
#.......## ###..##
....##.....
.........###..###
###.#...###
.......).....## #
##.....# .....hg....##
###..##.## ..........##


You could see Erica, a gnoll sergeant and a gnoll.

Vanquished Creatures
  A nameless horror (D:6)
  A black bear (D:6)
  A centaur (D:6)
  A bullfrog (D:7)
  A scorpion (D:7)
  2 wights (D:7)
  A bullfrog zombie (D:7)
  A centaur zombie (D:7)
  2 human zombies (D:7)
  A human skeleton (D:7)
  An iguana (D:6)
  2 gnolls
  A howler monkey skeleton (D:7)
  An adder (D:6)
  A shadow imp (D:6)
  A white imp (D:7)
  An ufetubus (D:6)
  2 dart slugs (D:1)
  An orc (D:6)
  2 endoplasms
  A giant cockroach (D:3)
  A goblin (D:3)
  2 hobgoblins
  3 jackals (D:1)
  2 quokkas
  A ball python (D:2)
  2 bats
  2 frilled lizards (D:1)
  2 kobolds
  An orc skeleton (D:7)
  2 orc zombies (D:7)
  A rat (D:2)
45 creatures vanquished.

Vanquished Creatures (collateral kills)
  Duvessa (D:4)
  A sky beast (D:6)
  An ogre (D:7)
  2 centaurs
  A bullfrog (D:6)
  Dowan (D:4)
  A water moccasin skeleton (D:4)
  2 howler monkeys
  A hound (D:4)
  A gnoll shaman (D:6)
  2 orc priests (D:5)
  A bullfrog skeleton (D:6)
  2 iguanas (D:4)
  A nameless horror (D:6)
  7 adders
  12 gnolls
  A shadow imp (D:4)
  A white imp (D:7)
  An ufetubus (D:4)
  An adder skeleton (D:4)
  2 worms
  A dart slug (D:2)
  5 orcs (D:5)
  3 bats
  An endoplasm (D:4)
  8 giant cockroaches
  6 goblins
  4 hobgoblins
  4 jackals (D:1)
  4 kobolds
  3 quokkas (D:1)
  2 ball pythons (D:1)
  2 frilled lizards
  2 rats (D:1)
88 creatures vanquished.

Vanquished Creatures (others)
  3 plants (D:2)
3 creatures vanquished.

Grand Total: 136 creatures vanquished

Notes
Turn   | Place    | Note
-------+----------+-------------------------------------------
     0 | D:1      | ZappyNine the Kobold Summoner began the quest for the Orb.
     0 | D:1      | Reached XP level 1. HP: 10/10 MP: 3/3
   849 | D:1      | Reached XP level 2. HP: 12/15 MP: 0/5
  1605 | D:1      | Learned a level 2 spell: Call Imp
  1701 | D:1      | Reached XP level 3. HP: 19/19 MP: 1/7
  2457 | D:1      | Learned a level 3 spell: Call Canine Familiar
  2602 | D:1      | Found a glowing silver altar of Zin.
  4227 | D:2      | Reached XP level 4. HP: 20/24 MP: 4/8
  5059 | D:3      | Reached skill level 1 in Fighting
  6573 | D:4      | Found a sparkling altar of Nemelex Xobeh.
  6574 | D:4      | Found a white marble altar of Elyvilon.
  6579 | D:4      | Found a glowing silver altar of Zin.
  6814 | D:4      | Found an ornate altar of the Wu Jian Council.
  6883 | D:4      | Found a transporter.
  6883 | D:4      | Noticed a scorpion
  6929 | D:4      | Reached XP level 5. HP: 16/30 MP: 5/10
  6934 | D:4      | Learned a level 4 spell: Summon Ice Beast
  7084 | D:4      | Noticed a bullfrog
  7103 | D:4      | Noticed ClownBaby's ghost (amateur DrVM)
  7116 | D:4      | Found a transporter.
  7141 | D:4      | Reached skill level 5 in Summonings
  7690 | D:4      | Reached skill level 1 in Ice Magic
  8353 | D:4      | Reached XP level 6. HP: 18/35 MP: 6/11
  8775 | D:4      | Noticed Duvessa
  8775 | D:4      | Noticed Dowan
  9195 | D:4      | Killed Duvessa
  9719 | D:4      | Killed Dowan
  9864 | D:5      | Entered Level 5 of the Dungeon
 10332 | D:5      | Noticed a black bear
 10335 | D:5      | Noticed a nameless horror
 10775 | D:5      | Found a hazy altar of Hepliaklqana.
 10775 | D:5      | Found a snail-covered altar of Cheibriados.
 11902 | D:6      | Found a staircase to the Ecumenical Temple.
 11944 | D:6      | Reached XP level 7. HP: 36/39 MP: 2/12
 11947 | D:6      | Reached skill level 6 in Summonings
 12361 | D:6      | Found the +3 giant club "Skullcrusher" {speed, Str+7}
 12807 | Temple   | Entered the Ecumenical Temple
 13132 | Temple   | Became a worshipper of Kikubaaqudgha
 14275 | D:6      | Reached skill level 1 in Shields
 14672 | D:7      | Noticed a nameless horror
 14997 | D:6      | Killed a nameless horror
 15106 | D:7      | Reached XP level 8. HP: 19/40 MP: 6/13
 16754 | D:8      | Noticed Erica
 16767 | D:8      | Succumbed to Erica's bolt of poison

Illustrated notes

Levels and vault maps discovered:
D:1:      dpeg_arrival_windows_large_door, layout_basic, kennysheep_flooded_box,
          minmay_tetromino_i4
D:2:      wad_lake_hut, layout_basic
D:3:      minmay_roachtagon, layout_loops_corners, minmay_starry_boxes
D:4:      layout_layer_cave, grunt_temple_overflow_open, gammafunk_ghost_arena,
          uniq_duvessa
D:5:      layout_layer_cave, gammafunk_temple_overflow_statue,
          kennysheep_generic_room_5
D:6:      layout_basic, temple_statues
D:7:      layout_rooms, nicolae_ossuary_entry_catacombs
D:8:      layout_layer_cave, gammafunk_ghost_stat_death, serial_shops, shop,
          uniq_erica, uniq_maggie
Temple:   minmay_temple_bridge_d

Skill      XL: |  1  2  3  4  5  6  7  8 |
---------------+-------------------------+-----
Spellcasting   | 3 |  3.5
Fighting       | 1 2 4 |  4.0
Summonings     | 5 6 |  6.4
Ice Magic      | 1 3 4 |  4.6
Shields        | 1 3 |  3.7
Dodging        | |  2.4
Stealth        | |  2.6

Action                   |  1- 3 |  4- 6 |  7- 9 || total
-------------------------+-------+-------+-------++-------
Melee: Unarmed           |    41 |       |       ||    41
       Club              |    75 |   128 |       ||   203
       Short sword       |       |     5 |    91 ||    96
       Scimitar          |       |       |    69 ||    69
 Cast: Summon Small Mamm |    37 |    23 |       ||    60
       Call Imp          |    18 |    19 |     7 ||    44
       Call Canine Famil |     5 |    23 |    15 ||    43
       Summon Ice Beast  |       |    10 |    15 ||    25
  Use: Scroll            |       |    14 |       ||    14
       Potion            |       |     3 |     5 ||     8
 Stab: Sleeping          |     3 |     6 |     9 ||    18
       Distracted        |       |       |     2 ||     2
Armor: Robe              |    19 |    13 |    36 ||    68
Dodge: Dodged            |   113 |   153 |   127 ||   393
Block: Other             |       |     2 |    40 ||    42
       Reflection        |       |       |     1 ||     1
       Rpst.: Scimitar   |       |       |    12 ||    12

Table legend: (Time is in decaauts)
 A = Elapsed time spent in this place.
 B = Non-inter-level travel time spent in this place.
 C = Inter-level travel time spent in this place.
 D = Time resting spent in this place.
 E = Time spent auto-exploring this place.
 F = Levels seen in this place.
 G = Mean time per level.
                   A        B        C        D        E       F      G
               +--------+--------+--------+--------+--------+-----+--------+
         Total |  16908 |  16394 |    514 |   7180 |   7338 |   9 | 1878.7 |
       Dungeon |  16514 |  16141 |    373 |   7180 |   7090 |   8 | 2064.2 |
        Temple |    394 |    254 |    140 |      0 |    248 |   1 |  394.0 |
               +--------+--------+--------+--------+--------+-----+--------+

Top non-repeatable levels by time:
     D:1: 2985 daAuts
     D:6: 2807 daAuts
     D:4: 2694 daAuts
     D:3: 2511 daAuts
     D:2: 2017 daAuts
     D:5: 1714 daAuts
     D:7: 1589 daAuts
  Temple: 394 daAuts
     D:8: 193 daAuts
